AoeStats
← Kanyaga

Arena

510152247Analyzed
4v4 RM · 3d ago on Sep 29, 2026· 17m 9s· 8 players
Game mode
Random Map
Map size
Large (8 player)
Population
200
Speed
Normal
Resources
Standard
Victory
Conquest
Starting age
Dark Age
Ending age
Imperial Age
RankedLock teamsTeams togetherTeam positionsShared explorationLock speedFull tech treeHidden civsTurbo modeCheats
Victory
Defeat
🇹🇷 Cumans · Türkiye
1627
+10
🇹🇷 Armenians · Türkiye
1611
+11
🇹🇷 Sicilians · Türkiye
1422
+19
🇹🇷 Varangians · Türkiye
1378
+20
🇹🇷 Persians · Türkiye
1555
-18
🇨🇦 Saracens · Canada
1497
-15
🇹🇷 Wei · Türkiye
1453
-14
🇺🇸 Malians · United States
1449
-13
AlzzStriker
10:35 Feudal Age
11:31 Loom
15:11 Castle Age
LiquidSteel71
10:52 Feudal Age
14:48 Castle Age
12:38 Double-Bit Axe
12:34 Horse Collar
14:05 Scale Barding Armor
15:54 Bow Saw
15:47 Heavy Plow
Kanyaga
7:20 Loom
9:59 Feudal Age
10:36 Double-Bit Axe
10:31 Horse Collar
11:22 Gold Mining
12:13 Stone Mining
14:10 Wheelbarrow
19:39 Castle Age
LonzoWall
9:17 Feudal Age
10:09 Double-Bit Axe
17:29 Castle Age
16:43 Scale Barding Armor
GPA_PisagorAmca
11:19 Feudal Age
14:53 Castle Age
13:11 Double-Bit Axe
15:28 Scale Mail Armor
15:53 Bow Saw
16:41 Loom
GPA_Heimdallr
11:39 Feudal Age
13:09 Loom
16:12 Castle Age
14:32 Scale Mail Armor
15:07 Forging
14:47 Double-Bit Axe
15:12 Horse Collar
15:39 Gold Mining
GPA_Unreal
5:55 Loom
8:29 Feudal Age
8:59 Double-Bit Axe
GPA_PureViolence
9:46 Feudal Age
10:03 Man-at-Arms
10:44 Long Swordsman
Connection lost

Rejoining the realm…

Still unreachable

The connection could not be restored.

Session expired

The server has moved on; the page needs a fresh start.